 Dungeon Crawl Stone Soup version 0.21.1-1-g345015fe64 (webtiles) character file.

360436 koczy the Hoplite (level 21, -2/202 HPs)
             Began as a Minotaur Fighter on July 15, 2018.
             Was the Champion of Okawaru.
             Slain by a deep troll shaman (10 damage)
             ... on level 4 of the Depths on July 18, 2018.
             The game lasted 08:54:28 (45989 turns).

koczy the Hoplite (Minotaur Fighter)               Turns: 45989, Time: 08:54:30

Health: -2/202     AC: 40    Str: 26    XL:     21   Next: 48%
Magic:  24/24      EV: 18    Int:  3    God:    Okawaru [******]
Gold:   2031       SH: 31    Dex: 22    Spells: 20/20 levels left

rFire    x . .     SeeInvis .   a - +8 eveningstar (venom)
rCold    + . .     Gourm    .   S - +4 large shield {AC+3}
rNeg     + + +     Faith    .   q - +8 chain mail "Cazy" {rF- rN+++ Int-2 Stlth+}
rPois    .         Spirit   .   M - +2 hat {MR+}
rElec    .         Reflect  .   r - +0 cloak of Conscience {rC+ Regen+ Dex+4}
rCorr    .         Harm     .   F - +2 pair of gloves {Dex+3}
MR       +++..                  o - +2 pair of boots
Stlth    ..........             G - amulet of regeneration
HPRegen  1.23/turn              e - +4 ring of protection
MPRegen  0.19/turn              u - ring of protection from magic

@: glowing, silenced
A: retaliatory headbutt, horns 2
}: 2/15 runes: barnacled, gossamer
a: Renounce Religion


You were on level 4 of the Depths.
You worshipped Okawaru.
Okawaru was exalted by your worship.
You were hungry.

You visited 8 branches of the dungeon, and saw 40 of its levels.
You also visited: Sewer.

You collected 4032 gold pieces.
You spent 2001 gold pieces at shops.

Inventory:

Hand Weapons
 a - a +8 eveningstar of venom (weapon)
 b - a +6 hunting sling of chaos
 i - the +4 flail "Oceyf" {crush, +Fly Str+4}
   (You found it on level 7 of the Dungeon)

   It inflicts extra damage upon your enemies.
   It affects your strength (+4).
   It lets you fly.
 v - a +5 morningstar of protection
 y - the +0 eveningstar "Tasy" {speed, rElec Dex+3}
   (You acquired it on level 3 of the Lair of Beasts)

   Attacks with this weapon are significantly faster.
   It affects your dexterity (+3).
   It insulates you from electricity.
 Z - the +6 demon whip of Evisceration {vamp, *Drain Int+7, unknown}
   (You bought it in a shop on level 1 of the Shoals)

   It inflicts no extra harm, but heals its wielder when it wounds a living foe.
   It affects your intelligence (+7).
   It causes draining when unequipped.
Missiles
 g - 9 javelins of returning (quivered)
 z - 109 sling bullets
Armour
 d - +3 fire dragon scales {Xtahua}
 o - a +2 pair of boots (worn)
 q - the +8 chain mail "Cazy" (worn) {rF- rN+++ Int-2 Stlth+}
   (Okawaru gifted it to you on level 6 of the Lair of Beasts)

   It affects your intelligence (-2).
   It makes you vulnerable to fire.
   It renders you almost immune to negative energy.
   It makes you more stealthy.
 r - the +0 cloak of Conscience (worn) {rC+ Regen+ Dex+4}
   (You found it on level 1 of the Vaults)

   It affects your dexterity (+4).
   It protects you from cold.
   It increases your rate of regeneration.
 F - a +2 pair of gloves of dexterity (worn)
 I - a scarf of cloud immunity
 J - the +18 shield of the Gong {rElec rN+ MR+ EV-5}
   (You acquired it on level 3 of the Lair of Beasts)

   It affects your evasion (-5).
   It insulates you from electricity.
   It protects you from negative energy.
   It affects your resistance to hostile enchantments.
 M - a +2 hat of magic resistance (worn)
 S - a +4 large shield of protection (worn)
Jewellery
 e - a +4 ring of protection (left hand)
 l - an uncursed ring of protection from cold
 u - a ring of protection from magic (right hand)
 w - an uncursed ring of see invisible
 A - an uncursed ring of resist corrosion
 C - an uncursed amulet of the gourmand
 G - an amulet of regeneration (around neck)
 H - an uncursed ring of positive energy
 O - a +4 ring of protection
 V - an uncursed ring of flight
Wands
 c - a wand of iceblast (11)
 Q - a wand of digging (46)
 T - a wand of flame (62)
 U - a wand of acid (35)
Scrolls
 j - 14 scrolls of teleportation
 k - a scroll of holy word
 t - 5 scrolls of fog
 K - a scroll of summoning
 L - 18 scrolls of remove curse
 N - 5 scrolls of magic mapping
 P - 3 scrolls of blinking
 R - 7 scrolls of identify
Potions
 n - 4 potions of resistance
 p - 14 potions of curing
 x - 7 potions of haste
 W - 5 potions of cancellation
Miscellaneous
 m - a lamp of fire
 Y - a fan of gales
Comestibles
 f - 41 rations


   Skills:
 - Level 20.7 Fighting
   Level 6.0(12.8) Axes
 - Level 17.1(17.4) Maces & Flails
 - Level 13.5 Slings
 - Level 16.6 Armour
 + Level 11.0 Dodging
 - Level 25.0 Shields
 - Level 6.0 Invocations


You had 20 spell levels left.
You didn't know any spells.

Dungeon Overview and Level Annotations

Branches:
Dungeon (15/15)            Temple (1/1) D:5            Lair (6/6) D:11
 Shoals (4/4) Lair:4       Spider (4/4) Lair:2        Slime (0/5) Lair:5
    Orc (2/2) D:10            Elf (0/3) Orc:2        Vaults (4/5) D:13
  Crypt (0/3) Vaults:3     Depths (4/5) D:15

Altars:
Ashenzari
Cheibriados
Dithmenos
Elyvilon
Fedhas
Gozag
Hepliaklqana
Kikubaaqudgha
Makhleb
Nemelex Xobeh
Okawaru
Qazlal
Ru
Sif Muna
Trog
Uskayaw
Vehumet
Wu Jian
Xom
Yredelemnul
Zin
The Shining One
Beogh
Lugonu

Shops:
D:11 *   D:12 *   D:14 *   Orc:2 ??:[   Shoals:1 [(*[   Vaults:2 (   Vaults:3 *
Vaults:4 (   Depths:1 *

Portals:
Hell: Depths:1 Depths:2 Depths:3
Abyss: Depths:2 Depths:3
Pandemonium: Depths:1 Depths:2 Depths:3
Ziggurat: Depths:4
Trove: Vaults:4 (give +5 demon blade)

Annotations:
Depths:4 Mennas


Innate Abilities, Weirdness & Mutations

You reflexively headbutt those who attack you in melee.
You have a pair of horns on your head.


Message History

Mennas hits you with an eudemon blade of holy wrath.
* * * LOW HITPOINT WARNING * * *
Mennas hits you with an eudemon blade of holy wrath!
* * * LOW HITPOINT WARNING * * *
You block the ice dragon's attack.
The ice dragon claws you but does no damage.
The ice dragon misses you.
You block the deep elf elementalist's attack.
The deep troll earth mage barely misses you.
The deep troll earth mage misses you.
You block the deep troll earth mage's attack.
The deep troll earth mage bites you!
* * * LOW HITPOINT WARNING * * *
You block the deep troll earth mage's attack. x2
You block the earth elemental's attack.
You bludgeon Mennas!! Mennas blocks your attack.
Mennas is severely wounded.
You block Mennas's attack. Mennas hits you but does no damage.
The deep troll shaman bites you!
You die...

.> ... #.. ..#
#..#####..##
#..#........
####..#<.....#.
...............
.......TT......
......ETe..<...
.....ET@TE.....
....#.DTAT..(#.
### #..T#T...#
###........ ...
#T... ...###...
..## ##T.
#.##.∩.##y


You could see Mennas, an ice dragon, an iron troll, a spark wasp (wandering), a
deep elf elementalist, 6 deep trolls, 2 deep troll earth magi, 2 deep troll
shamans and 3 earth elementals.

Vanquished Creatures
  A juggernaut (Depths:2)
  Xtahua (Depths:3)
  Arachne (Spider:1)
  the Enchantress (D:15)
  A titan (Depths:2)
  A sphinx (Depths:2)
  A kraken (Shoals:4)
  Kirke (D:13)
  2 storm dragons
  2 tengu reavers
  Ilsuiw (Shoals:4)
  3 frost giants
  3 fire giants
  5 ghost moths
  10 emperor scorpions
  13 vault wardens
  13 very ugly things
  3 spriggan defenders
  15 stone giants
  A reaper (Depths:1)
  8 entropy weavers
  A vampire knight (D:15)
  8 ironheart preservers
  A deep elf annihilator (Vaults:3)
  2 dire elephants
  2 spark wasps (Spider:4)
  8 ettins
  4 merfolk javelineers (Shoals:4)
  12 yaktaur captains
  7 merfolk impalers
  5 fire dragons
  2 jiangshi (Depths:1)
  7 great orbs of eyes
  10 ogre magi
  10 ice dragons
  6 vault guards
  Erolcha (D:11)
  2 catoblepae (D:15)
  An anaconda (Depths:2)
  A hell beast (Depths:2)
  2 rakshasas
  A death knight (Vaults:1)
  9 hydras
  2 spriggan air magi
  3 merfolk aquamancers
  6 merfolk avatars
  7 centaur warriors
  4 satyrs
  14 two-headed ogres
  5 alligator snapping turtles
  A death yak (shapeshifter) (Vaults:3)
  A vampire mage (Depths:1)
  5 deep troll shamans
  4 tengu warriors
  4 deep troll earth magi
  A deep elf knight (Vaults:3)
  A soul eater (Depths:2)
  4 orc high priests
  A spriggan berserker (D:15)
  Sonja (D:12)
  8 skeletal warriors (D:14)
  2 iron trolls
  A shadow wraith (Vaults:2)
  Nergalle (Lair:3)
  12 sea snakes
  A flayed ghost (Depths:1)
  5 unseen horrors
  4 wizards
  24 deep trolls
  A harpy (shapeshifter) (Spider:3)
  An unseen horror (shapeshifter) (Vaults:4)
  A necromancer (D:13)
  12 orc knights
  A deep elf archer (Vaults:4)
  A lindwurm (Lair:6)
  Pikel (D:9)
  22 harpies
  A lindwurm (shapeshifter) (Vaults:2)
  6 deep elf magi
  11 ironbrand convokers
  20 orb spiders
  3 fauns (Shoals:1)
  30 wolf spiders
  39 ugly things
  10 manticores
  A salamander (Depths:1)
  9 cyclopes
  4 moths of wrath
  10 merfolk sirens
  2 centaur zombies
  10 elephants
  A black mamba (shapeshifter) (Depths:1)
  The ghost of Salt the Arsonist, a novice DEFE of Kikubaaqudgha (D:6)
  2 rust devils (Depths:2)
  10 vault sentinels
  3 black mambas
  9 torpor snails
  Psyche (D:12)
  Joseph (D:9)
  3 water nymphs
  A gargoyle (D:14)
  An orange demon (Depths:1)
  4 rime drakes
  8 spiny frogs
  5 spectral swamp worms
  7 komodo dragons
  2 tengu conjurers
  An efreet (D:12)
  4 freezing wraiths
  2 hellwings (Depths:2)
  An ice devil (Depths:1)
  33 yaktaurs
  14 demonic crawlers
  26 jumping spiders
  10 polar bears
  A harpy zombie (D:15)
  A meliai (shapeshifter) (Vaults:1)
  3 wind drakes
  9 trolls
  25 merfolk
  A polar bear (shapeshifter) (Vaults:4)
  4 tyrant leeches (Lair:6)
  A wolf spider simulacrum (D:15)
  Prince Ribbit (D:7)
  A queen bee (shapeshifter) (Depths:3)
  19 hornets
  5 blink frogs
  13 hippogriffs
  27 slime creatures
  A dream sheep (shapeshifter) (Vaults:3)
  11 dream sheep
  3 raiju (Lair:6)
  7 snapping turtles
  71 redbacks
  3 spriggans
  A vampire (D:14)
  44 yaks
  2 air elementals (Depths:3)
  A tarantella (shapeshifter) (Vaults:1)
  13 tarantellas
  A wyvern (Lair:4)
  2 ynoxinuls
  2 wraiths (Vaults:1)
  2 shadows
  7 water elementals
  The ghost of 3rdEnemy the Shooter, an amateur CeHu (D:3)
  Grum (D:9)
  A hog (shapeshifter) (Vaults:1)
  21 humans
  A chaos spawn (Depths:1)
  4 hungry ghosts
  A steam dragon (D:11)
  14 wargs
  Edmund (D:4)
  4 soldier ants
  Menkaure (D:5)
  10 water moccasins
  5 porcupines
  Duvessa (D:6)
  An acid dragon (Vaults:1)
  A floating eye (Spider:3)
  A black bear (shapeshifter) (Vaults:3)
  14 hell hounds (Lair:6)
  13 black bears
  33 orc warriors
  5 sky beasts
  2 phantoms
  2 ice beasts
  20 wolves
  25 ogres
  A boggart (shapeshifter) (Depths:2)
  8 boggarts
  17 centaurs
  11 crocodiles
  5 big kobolds
  19 bullfrogs
  A wyvern zombie (D:6)
  Dowan (D:6)
  9 scorpions
  6 killer bees (D:9)
  5 wights (D:8)
  6 howler monkeys
  5 crimson imps
  A bullfrog zombie (D:8)
  2 quasits
  10 jellies
  5 centaur skeletons
  49 orc priests
  A bullfrog skeleton (D:4)
  4 hounds
  A gnoll shaman (D:9)
  2 iron imps (Depths:2)
  3 iguanas
  32 orc wizards
  10 worker ants
  A hound skeleton (D:8)
  A worker ant zombie (D:10)
  4 gnolls
  A howler monkey skeleton (D:7)
  17 adders
  6 river rats (Sewer)
  6 shadow imps
  3 white imps (Depths:2)
  An ufetubus (Depths:2)
  3 oozes
  6 worms
  A dart slug (D:3)
  8 leopard geckos
  167 orcs
  9 bats
  13 giant cockroaches
  9 goblins
  21 hobgoblins
  22 jackals
  33 kobolds
  8 quokkas
  8 ball pythons
  6 frilled lizards
  A giant cockroach zombie (D:6)
  A jackal skeleton (D:6)
  A leopard gecko zombie (D:2)
  2 quokka skeletons
  A quokka zombie (D:6)
  29 rats
  5 plants
  3 tentacles (Shoals:4)
1733 creatures vanquished.

Vanquished Creatures (collateral kills)
  An orb spider (Spider:1)
1 creature vanquished.

Vanquished Creatures (others)
  Nikola (Shoals:2)
  A two-headed ogre (Vaults:4)
  A deep elf knight (Vaults:3)
  An unseen horror (D:14)
  A tengu conjurer (Depths:2)
  A redback (Spider:3)
  A sky beast (D:9)
  A slave (D:9)
  A boggart (Depths:2)
  A gnoll (D:9)
  An adder (D:9)
  4 orcs (D:9)
  3 bushes
  8 fungi
  26 plants
  6 tentacles (Shoals:4)
58 creatures vanquished.

Grand Total: 1792 creatures vanquished

Notes
Turn   | Place    | Note
-------+----------+-------------------------------------------
     0 | D:1      | koczy the Minotaur Fighter began the quest for the Orb.
     0 | D:1      | Reached XP level 1. HP: 19/19 MP: 0/0
   220 | D:1      | Reached XP level 2. HP: 27/27 MP: 1/1
   389 | D:1      | Reached XP level 3. HP: 32/33 MP: 2/2
   437 | D:1      | Reached skill level 4 in Shields
  1018 | D:2      | Reached XP level 4. HP: 40/40 MP: 3/3
  1075 | D:2      | Found a transporter.
  1075 | D:2      | Noticed a centaur
  1081 | D:2      | Noticed an orc warrior
  1082 | D:2      | Found a blossoming altar of Fedhas.
  1094 | D:2      | Found a transporter.
  1809 | D:3      | Reached XP level 5. HP: 47/47 MP: 4/4
  2022 | D:3      | Found a snail-covered altar of Cheibriados.
  2084 | D:3      | Found a hide-covered altar of Uskayaw.
  2404 | D:3      | Found a shadowy altar of Dithmenos.
  2466 | D:3      | Noticed 3rdEnemy's ghost (amateur CeHu)
  2627 | D:3      | Reached skill level 5 in Axes
  2923 | D:3      | Killed 3rdEnemy's ghost
  2923 | D:3      | Reached skill level 5 in Fighting
  2923 | D:3      | Reached skill level 1 in Slings
  2923 | D:3      | Reached skill level 5 in Armour
  2923 | D:3      | Reached skill level 5 in Shields
  2923 | D:3      | Reached XP level 6. HP: 54/56 MP: 5/5
  3090 | D:4      | Noticed Edmund
  3107 | D:4      | Killed Edmund
  3107 | D:4      | Reached XP level 7. HP: 59/61 MP: 6/6
  3233 | D:4      | Found a deep blue altar of Sif Muna.
  3343 | D:4      | Found a glowing golden altar of the Shining One.
  3410 | D:4      | Reached skill level 1 in Maces & Flails
  4045 | D:5      | Entered Level 5 of the Dungeon
  4095 | D:5      | Noticed Menkaure
  4103 | D:5      | Killed Menkaure
  4111 | D:5      | Reached XP level 8. HP: 37/70 MP: 3/7
  4266 | D:5      | Reached skill level 6 in Shields
  4340 | D:5      | Found a burning altar of Makhleb.
  4531 | D:5      | Found a glowing drain.
  4547 | Sewer    | Entered a sewer
  5379 | D:5      | Found a staircase to the Ecumenical Temple.
  5384 | Temple   | Entered the Ecumenical Temple
  5775 | D:5      | Found a glowing silver altar of Zin.
  5842 | D:6      | Found a sparkling altar of Nemelex Xobeh.
  5895 | D:6      | Reached skill level 5 in Maces & Flails
  5914 | D:6      | Found a shimmering altar of Xom.
  5985 | D:6      | Found a hazy altar of Hepliaklqana.
  6359 | D:6      | Noticed Dowan
  6361 | D:6      | Noticed Duvessa
  6378 | D:6      | Killed Duvessa
  6390 | D:6      | Killed Dowan
  6619 | D:6      | Reached XP level 9. HP: 78/78 MP: 8/8
  6674 | D:6      | Noticed Salt's ghost (novice DEFE)
  6715 | D:6      | Killed Salt's ghost
  6715 | D:6      | Reached skill level 5 in Slings
  6715 | D:6      | Reached skill level 7 in Shields
  7281 | D:7      | Got a dazzling flail
  7285 | D:7      | Identified the +4 flail "Oceyf" {crush, +Fly Str+4} (You found it on level 7 of the Dungeon)
  7296 | D:7      | Found an iron altar of Okawaru.
  7296 | D:7      | Noticed Prince Ribbit
  7342 | D:7      | Became a worshipper of Warmaster Okawaru
  7369 | D:7      | Found a white marble altar of Elyvilon.
  7682 | D:7      | Killed Prince Ribbit
  7682 | D:7      | Reached XP level 10. HP: 81/88 MP: 7/9
  7818 | D:7      | You fall through a shaft for 2 floors!
  7818 | D:9      | Noticed Pikel
  7835 | D:9      | Noticed Grum
  7835 | D:9      | Killed Pikel
  7835 | D:9      | Reached skill level 8 in Shields
  7844 | D:9      | Reached * piety under Okawaru
  7857 | D:9      | Killed Grum
  7937 | D:9      | Noticed Joseph
  7960 | D:9      | Killed Joseph
  8026 | D:8      | Noticed a two-headed ogre
  8036 | D:8      | Killed a two-headed ogre
  8036 | D:8      | Reached ** piety under Okawaru
  8519 | D:8      | Noticed a two-headed ogre
  8535 | D:8      | Killed a two-headed ogre
  8535 | D:8      | Reached skill level 10 in Maces & Flails
  8535 | D:8      | Reached skill level 9 in Shields
  9220 | D:9      | Reached *** piety under Okawaru
  9224 | D:9      | Reached XP level 11. HP: 73/97 MP: 7/10
  9690 | D:10     | Entered Level 10 of the Dungeon
  9794 | D:10     | Found a staircase to the Orcish Mines.
  9908 | D:10     | Noticed a two-headed ogre
  9930 | D:10     | Killed a two-headed ogre
 10265 | D:10     | Reached **** piety under Okawaru
 10420 | D:10     | Noticed a two-headed ogre
 10427 | D:10     | Killed a two-headed ogre
 10574 | D:11     | Noticed a two-headed ogre
 10581 | D:11     | Killed a two-headed ogre
 10581 | D:11     | Received a gift from Okawaru
 10581 | D:11     | Reached skill level 10 in Armour
 10640 | D:11     | Found a staircase to the Lair.
 10659 | D:11     | Reached skill level 10 in Fighting
 10659 | D:11     | Reached skill level 10 in Shields
 10779 | D:11     | Found Zupt's Assorted Antiques.
 10782 | D:11     | Bought a thin bronze amulet for 150 gold pieces
 11105 | D:11     | Noticed Erolcha
 11126 | D:11     | Killed Erolcha
 11126 | D:11     | Reached ***** piety under Okawaru
 11502 | D:11     | Noticed a green ugly thing
 11509 | D:11     | Killed a green ugly thing
 11703 | D:11     | Received a gift from Okawaru
 11776 | D:11     | Reached XP level 12. HP: 98/106 MP: 11/11
 11916 | D:11     | Noticed a two-headed ogre
 11925 | D:11     | Killed a two-headed ogre
 11982 | Lair:1   | Entered Level 1 of the Lair of Beasts
 11987 | Lair:1   | Found a shimmering altar of Xom.
 12201 | Lair:1   | Noticed a seven-headed hydra
 12214 | Lair:1   | Killed a seven-headed hydra
 12214 | Lair:1   | Received a gift from Okawaru
 12263 | Lair:1   | Received a gift from Okawaru
 12588 | Lair:1   | Received a gift from Okawaru
 12905 | Lair:2   | Found a sacrificial altar of Ru.
 13525 | Lair:2   | Found a hole to the Spider Nest.
 13960 | Lair:3   | Noticed Nergalle
 13972 | Lair:3   | Killed Nergalle
 13972 | Lair:3   | Received a gift from Okawaru
 13972 | Lair:3   | Reached skill level 11 in Shields
 14163 | Lair:3   | Identified 2 scrolls of acquirement
 14165 | Lair:3   | Found the +18 shield of the Gong {rElec rN+ MR+ EV-5}
 14177 | Lair:3   | Got a polished eveningstar
 14178 | Lair:3   | Identified the +0 eveningstar "Tasy" {speed, rElec Dex+3} (You acquired it on level 3 of the Lair of Beasts)
 14339 | Lair:3   | Received a gift from Okawaru
 14739 | Lair:4   | Reached ****** piety under Okawaru
 14762 | Lair:4   | Received a gift from Okawaru
 14789 | Lair:4   | Reached XP level 13. HP: 89/116 MP: 8/12
 15104 | Lair:4   | Found a staircase to the Shoals.
 15532 | Lair:5   | Received a gift from Okawaru
 15585 | Lair:5   | Reached skill level 10 in Slings
 15864 | Lair:5   | Found a staircase to the Slime Pits.
 15973 | Lair:5   | Received a gift from Okawaru
 16831 | Lair:6   | Entered Level 6 of the Lair of Beasts
 16927 | Lair:6   | Reached skill level 12 in Shields
 17094 | Lair:6   | Reached skill level 15 in Maces & Flails
 17161 | Lair:6   | Received a gift from Okawaru
 17315 | Lair:6   | Noticed a dire elephant
 17337 | Lair:6   | Killed a dire elephant
 17390 | Lair:6   | Reached XP level 14. HP: 127/127 MP: 13/13
 17463 | Lair:6   | Received a gift from Okawaru
 17469 | Lair:6   | Got a tiger eye-encrusted chain mail {god gift}
 17480 | Lair:6   | Identified the +8 chain mail "Cazy" {rF- rN+++ Int-2 Stlth+} (Okawaru gifted it to you on level 6 of the Lair of Beasts)
 18296 | Lair:6   | Found a runed door.
 18849 | Orc:1    | Entered Level 1 of the Orcish Mines
 19049 | Orc:1    | Found a burning altar of Makhleb.
 19443 | Orc:2    | Entered Level 2 of the Orcish Mines
 19595 | Orc:2    | Reached skill level 13 in Shields
 19647 | Orc:1    | Received a gift from Okawaru
 19649 | Orc:1    | Got a smoking great mace {god gift}
 19657 | Orc:1    | Identified the +3 great mace of Jaajiude {vamp, Str+4 Dex+2} (Okawaru gifted it to you on level 1 of the Orcish Mines)
 19899 | Orc:2    | Found Tydi's Book Emporium.
 19899 | Orc:2    | Found Oriet's Armour Shop.
 19937 | Orc:2    | Found a roughly hewn altar of Beogh.
 20185 | Orc:2    | Found a roughly hewn altar of Beogh.
 20231 | Orc:2    | Found a roughly hewn altar of Beogh.
 20325 | Orc:2    | Found Kazxavvof's Magic Scroll Emporium.
 20325 | Orc:2    | Found Meddol's Magic Scroll Shop.
 20329 | Orc:2    | Bought a scroll of identify for 28 gold pieces
 20329 | Orc:2    | Bought a scroll of identify for 28 gold pieces
 20329 | Orc:2    | Bought a scroll of magic mapping for 49 gold pieces
 20329 | Orc:2    | Bought a scroll of identify for 28 gold pieces
 20329 | Orc:2    | Bought a scroll of blinking for 105 gold pieces
 20338 | Orc:2    | Bought a scroll of enchant weapon for 75 gold pieces
 20338 | Orc:2    | Bought a scroll of acquirement for 520 gold pieces
 20338 | Orc:2    | Bought 2 scrolls of identify for 40 gold pieces
 20338 | Orc:2    | Bought a scroll of enchant weapon for 75 gold pieces
 20447 | Orc:2    | Found a staircase to the Elven Halls.
 20597 | D:12     | Noticed Psyche
 20606 | D:12     | Killed Psyche
 20656 | D:12     | Found Wuanomp's Assorted Antiques.
 20769 | D:12     | Noticed Sonja
 20788 | D:12     | Killed Sonja
 21908 | D:13     | Received a gift from Okawaru
 21967 | D:13     | Received a gift from Okawaru
 22071 | D:13     | Reached XP level 15. HP: 136/136 MP: 14/14
 22095 | D:13     | Found a gate to the Vaults.
 22240 | D:13     | Noticed Kirke
 22255 | D:13     | Killed Kirke
 22752 | D:14     | Received a gift from Okawaru
 22929 | D:14     | Received a gift from Okawaru
 22950 | D:14     | Reached skill level 14 in Shields
 23071 | D:14     | Found Codazil's General Store.
 23585 | D:15     | Entered Level 15 of the Dungeon
 23663 | D:15     | Received a gift from Okawaru
 23858 | D:15     | Received a gift from Okawaru
 23934 | D:15     | Reached skill level 15 in Shields
 24376 | D:15     | Found a staircase to the Depths.
 24728 | Shoals:1 | Entered Level 1 of the Shoals
 24728 | Shoals:1 | Found Vugh's Antique Weapon Shop.
 24753 | Shoals:1 | Bought a fine demon whip for 620 gold pieces
 24837 | Shoals:1 | Reached XP level 16. HP: 147/147 MP: 15/15
 24906 | Shoals:1 | Found Haapnu's Armour Boutique.
 25072 | Shoals:1 | Found Zialesh's General Store.
 25079 | Shoals:1 | Found Ideimiad's Antique Armour Emporium.
 25180 | Shoals:1 | Bought a runed cloak for 232 gold pieces
 25737 | Shoals:2 | Received a gift from Okawaru
 25859 | Shoals:2 | Reached skill level 15 in Armour
 25886 | Shoals:2 | Reached skill level 15 in Fighting
 26148 | Shoals:2 | Received a gift from Okawaru
 26151 | Shoals:2 | Got an encrusted hunting sling {god gift}
 26239 | Shoals:2 | Identified the +3 hunting sling "Ogemen" {flame, *Drain Str+10} (Okawaru gifted it to you on level 2 of the Shoals)
 26332 | Shoals:2 | Noticed Nikola
 26435 | Shoals:2 | Killed Nikola
 27144 | Shoals:4 | Entered Level 4 of the Shoals
 27150 | Shoals:4 | Noticed Ilsuiw
 27169 | Shoals:4 | Killed Ilsuiw
 27372 | Shoals:4 | Noticed a kraken
 27423 | Shoals:4 | Received a gift from Okawaru
 27774 | Shoals:4 | Killed a kraken
 27934 | Shoals:4 | Got a shimmering scythe
 28078 | Shoals:4 | Got a barnacled rune of Zot
 28221 | Shoals:4 | Reached skill level 1 in Invocations
 28534 | Shoals:4 | Reached XP level 17. HP: 158/160 MP: 18/18
 28662 | Shoals:4 | Reached skill level 5 in Invocations
 29483 | Spider:1 | Entered Level 1 of the Spider Nest
 29526 | Spider:1 | Received a gift from Okawaru
 29770 | Spider:1 | Reached skill level 16 in Shields
 30115 | Spider:1 | Identified the +1 leather armour of Altruism {rF++ Str+6} (You found it on level 1 of the Spider Nest)
 30546 | Spider:2 | Reached skill level 17 in Shields
 30755 | Spider:2 | Noticed Arachne
 30827 | Spider:1 | Killed Arachne
 31126 | Spider:2 | Identified the +5 chain mail of Lyunk {MP+9 Str-4 Slay+2} (You found it on level 2 of the Spider Nest)
 31508 | Spider:3 | Reached skill level 18 in Shields
 31656 | Spider:3 | Received a gift from Okawaru
 31978 | Spider:3 | Got a flickering garnet amulet
 31979 | Spider:3 | Identified the amulet "Zijafoi" {Faith Str-5 Int+3 SInv} (You acquired it on level 3 of the Spider Nest)
 32402 | Spider:4 | Entered Level 4 of the Spider Nest
 32477 | Spider:4 | Reached XP level 18. HP: 151/168 MP: 19/21
 32571 | Spider:3 | Reached skill level 19 in Shields
 32685 | Spider:3 | Received a gift from Okawaru
 32782 | Spider:4 | Received a gift from Okawaru
 33072 | Spider:4 | Received a gift from Okawaru
 33303 | Spider:4 | Reached skill level 20 in Shields
 33760 | Spider:4 | Got a gossamer rune of Zot
 34238 | Vaults:1 | Entered Level 1 of the Vaults
 34433 | Vaults:1 | Reached skill level 21 in Shields
 35068 | Vaults:1 | Identified the +1 scale mail "Usuck" {rPois MP+9} (You found it on level 1 of the Vaults)
 35394 | Vaults:1 | Identified the +0 cloak of Conscience {rC+ Regen+ Dex+4} (You found it on level 1 of the Vaults)
 35891 | Vaults:2 | Received a gift from Okawaru
 36180 | Vaults:2 | Reached skill level 22 in Shields
 36265 | Vaults:2 | Reached XP level 19. HP: 93/174 MP: 6/22
 36946 | Vaults:2 | Found Semom's Weapon Shop.
 37019 | Vaults:2 | Received a gift from Okawaru
 37020 | Vaults:2 | Identified the +1 hunting sling "Noc Goir" {velocity, rElec Str+4} (Okawaru gifted it to you on level 2 of the Vaults)
 37521 | Vaults:2 | Reached skill level 23 in Shields
 38416 | Vaults:3 | Found a staircase to the Crypt.
 38416 | Vaults:3 | Found a basalt altar of Yredelemnul.
 38457 | Vaults:3 | Found an ancient bone altar of Kikubaaqudgha.
 38631 | Vaults:3 | Identified the cursed +1 ring mail of Pessimism {+Blink rF- Int+8} (You found it on level 3 of the Vaults)
 38639 | Vaults:3 | Found Ryoduquy's General Store.
 38648 | Vaults:3 | Bought a potion of curing for 51 gold pieces
 38773 | Vaults:3 | Received a gift from Okawaru
 38773 | Vaults:3 | Reached skill level 24 in Shields
 39811 | Vaults:4 | Found Noitumi's Antique Weapon Emporium.
 40042 | Vaults:4 | Received a gift from Okawaru
 40057 | Vaults:4 | Reached skill level 25 in Shields
 40075 | Vaults:4 | Reached XP level 20. HP: 77/183 MP: 23/23
 40507 | Vaults:4 | Found a portal to a secret trove of treasure.
 41803 | Depths:1 | Entered Level 1 of the Depths
 41803 | Depths:1 | Found a gateway to Hell.
 42069 | D:15     | Received a gift from Okawaru
 42232 | Depths:1 | Noticed the Enchantress
 42291 | D:15     | Killed the Enchantress
 42294 | D:15     | Got faerie dragon scales
 42295 | D:15     | Identified the +1 faerie dragon scales {rF+ rCorr Int-2 SInv Stlth+} (You took it off the Enchantress on level 15 of the Dungeon)
 42530 | Depths:1 | Found Hym Icee's Demolitions Depot.
 42629 | Depths:1 | Received a gift from Okawaru
 42863 | Depths:1 | Found a one-way gate leading to the halls of Pandemonium.
 43284 | Depths:1 | Received a gift from Okawaru
 43583 | Depths:2 | Reached skill level 1 in Dodging
 43919 | Depths:2 | Found a one-way gate to the infinite horrors of the Abyss.
 44034 | Depths:2 | Reached XP level 21. HP: 195/202 MP: 24/24
 44043 | Depths:2 | Reached skill level 5 in Dodging
 44352 | Depths:2 | Noticed a juggernaut
 44363 | Depths:2 | Killed a juggernaut
 45073 | Depths:3 | Received a gift from Okawaru
 45075 | Depths:3 | Reached skill level 10 in Dodging
 45076 | Depths:3 | Got a steaming shield {god gift}
 45091 | Depths:3 | Identified the +0 shield of Nobility {rCorr} (Okawaru gifted it to you on level 3 of the Depths)
 45729 | Depths:3 | Noticed Xtahua
 45766 | Depths:3 | Killed Xtahua
 45813 | Depths:3 | Found a corrupted altar of Lugonu.
 45949 | Depths:4 | Found a gateway to a ziggurat.
 45949 | Depths:4 | Noticed Mennas
 45986 | Depths:4 | HP: 5/202 [deep troll (11)]
 45989 | Depths:4 | Slain by a deep troll shaman

Skill      XL: |  1  2  3  4  5  6  7  8  9 10 11 12 13 14 15 16 17 18 19 20 21 |
---------------+----------------------------------------------------------------+-----
Axes           | 3 4 5 6 |  6.0
Armour         | 4 5 6 8 9 10 11 12 13 14 16 | 16.6
Fighting       | 4 5 6 7 9 10 11 12 13 14 16 20 | 20.7
Shields        | 4 5 6 7 9 10 11 12 13 15 18 22 25 | 25.0
Slings         | 1 2 3 4 6 7 8 9 10 11 13 | 13.5
Maces & Flails | 3 5 8 10 12 13 15 16 17 | 17.1
Invocations    | 3 6 |  6.0
Dodging        | 4 11 | 11.0

Action                   |  1- 3 |  4- 6 |  7- 9 | 10-12 | 13-15 | 16-18 | 19-21 || total
-------------------------+-------+-------+-------+-------+-------+-------+-------++-------
Melee: War axe           |    73 |   203 |       |       |       |       |       ||   276
       Headbutt          |     6 |    34 |    77 |   138 |   456 |   535 |   429 ||  1675
       Flail             |       |       |   399 |   512 |       |       |       ||   911
       Eveningstar       |       |       |       |   120 |  1651 |  1617 |  1169 ||  4557
       Hunting sling     |       |       |       |       |       |     1 |       ||     1
 Fire: Hunting sling     |       |    42 |    84 |   232 |   447 |   811 |   859 ||  2475
Throw: Stone             |       |     1 |       |       |       |       |       ||     1
       Tomahawk          |       |       |     3 |    28 |    66 |     8 |       ||   105
       Javelin           |       |       |       |       |       |    33 |    65 ||    98
Invok: Heroism           |       |       |       |       |     1 |     3 |     2 ||     6
       Finesse           |       |       |       |       |       |     1 |       ||     1
 Abil: Evoke Flight      |       |       |       |       |       |     3 |       ||     3
Evoke: Wand              |       |       |     2 |       |    13 |    33 |     1 ||    49
       Fan of gales      |       |       |       |       |       |     2 |       ||     2
       Box of beasts     |       |       |       |       |       |     1 |       ||     1
       Lamp of fire      |       |       |       |       |       |     1 |     1 ||     2
  Use: Scroll            |       |       |     6 |    12 |    16 |    17 |    18 ||    69
       Potion            |       |       |       |     1 |     1 |     8 |     8 ||    18
 Stab: Confused          |       |       |       |       |     1 |       |     1 ||     2
       Petrifying        |       |       |       |       |     1 |       |     1 ||     2
       Distracted        |       |       |       |       |       |     1 |       ||     1
       Petrified         |       |       |       |       |       |       |     3 ||     3
  Eat: Chunk             |       |     7 |     9 |    53 |     7 |     6 |     7 ||    89
       Ration            |       |       |     4 |       |     9 |     9 |     6 ||    28
Armor: Scale mail        |    24 |     6 |       |       |       |       |       ||    30
       Chain mail        |       |    91 |   147 |       |   144 |   559 |   343 ||  1284
       Plate armour      |       |       |    87 |   261 |   100 |       |       ||   448
Dodge: Dodged            |    15 |    33 |    74 |    86 |    24 |   165 |   218 ||   615
Block: Shield            |    37 |    97 |   205 |   343 |  1181 |  1260 |   557 ||  3680
       Large shield      |       |       |       |       |     3 |   659 |   716 ||  1378
